 Dungeon Crawl Stone Soup version 0.29.1-4-g47bece8355 (webtiles) character file.

Game seed: 16594158695051731806

476 venomsnake the Chopper (level 6, -6/84 HPs)
             Began as a Minotaur Berserker on Dec 8, 2022.
             Was a Priest of Trog.
             Mangled by an ogre
             ... wielding a +0 giant spiked club
              (11 damage)
             ... on level 5 of the Dungeon.
             The game lasted 00:17:22 (3557 turns).

venomsnake the Chopper (Minotaur Berserker)         Turns: 3557, Time: 00:17:23

Health: -6/84      AC:  7    Str: 24    XL:     6   Next: 84%
Magic:  5/5        EV: 11    Int:  4    God:    Trog [***...]
Gold:   258        SH:  0    Dex:  9    Spells: 5/5 levels left

rFire   . . .      SeeInvis .   a - +0 war axe
rCold   . . .      Faith    .   (no shield)
rNeg    . . .      Spirit   .   j - +0 scale mail
rPois   +          Reflect  .   (helmet restricted)
rElec   .          Harm     .   (no cloak)
rCorr   .          Rampage  .   (no gloves)
Will    .....                   (no boots)
Stlth   ..........              (no amulet)
HPRegen 0.24/turn               t - ring of poison resistance
MPRegen 0.09/turn               (no ring)

@: berserking, very quick
A: horns 2, retaliatory headbutt
a: Renounce Religion, Berserk, Trog's Hand


You were on level 5 of the Dungeon.
You worshipped Trog.
Trog was most pleased with you.
You visited 1 branch of the dungeon, and saw 5 of its levels.

You collected 258 gold pieces.

Inventory:

Hand Weapons
 a - a +0 war axe (weapon)
Missiles
 h - 50 stones (quivered)
Armour
 j - a +0 scale mail (worn)
Jewellery
 t - a ring of poison resistance (left hand)
 x - an amulet of reflection
Wands
 p - a wand of paralysis (5)
 u - a wand of flame (24)
Scrolls
 b - a scroll of vulnerability {unknown}
 d - 2 scrolls of fog {unknown}
 e - 2 scrolls of enchant armour {unknown}
 g - 4 scrolls of identify {unknown}
 k - 2 scrolls of teleportation {unknown}
 r - a scroll of immolation {unknown}
 s - a scroll of enchant weapon {unknown}
Potions
 c - 2 potions of magic {unknown}
 f - a potion of attraction {unknown}
 i - a potion of flight {unknown}
 l - a potion of invisibility {unknown}
 m - 3 potions of curing {unknown}
 n - a potion of mutation {unknown}
 o - a potion of haste {unknown}
 q - a potion of heal wounds {unknown}
 v - a potion of lignification {unknown}
 w - a potion of cancellation {unknown}


   Skills:
 + Level 5.6 Fighting
 + Level 5.6 Axes
 + Level 4.9 Armour
 + Level 4.4 Dodging


You had 5 spell levels left.
You didn't know any spells.
Your spell library was empty.

Dungeon Overview and Level Annotations

Branches:
Dungeon (5/15)
 Temple: D:4-7

Altars:
Cheibriados
Fedhas
Makhleb
Nemelex Xobeh
Okawaru
Qazlal
Trog
Uskayaw

Annotations:
D:3 1 runed translucent door, Crazy Yiuf


Innate Abilities, Weirdness & Mutations

You have a pair of horns on your head.
You reflexively headbutt those who attack you in melee.


Message History

The jelly is severely wounded.
The jelly hits you but does no damage.
You slash the jelly!
You kill the jelly!
Trog accepts your kill.
You start resting.
HP restored.
You now have 226 gold pieces (gained 14).
Found a stone staircase leading down.
Found a flail.
x - an amulet of reflection You now have 240 gold pieces (gained 14).
You now have 253 gold pieces (gained 13).
You now have 258 gold pieces (gained 5).
c - 2 emerald potions (gained 1)
Found a club.
You see here a +0 club.
h - 50 stones (gained 8)
You open the door.
An iguana and an ogre come into view.
The iguana hisses angrily.
The ogre moves out of view.
Found a notched silver ring and an amethyst potion.
Found a stone staircase leading down.
There is an open door here.
The ogre misses you.
You hit the ogre. Your headbutt misses the ogre.
The ogre is lightly wounded.
The ogre hits you with a +0 giant spiked club!!
Ouch! That really hurt!
You slash the ogre! You headbutt the ogre!
The ogre is severely wounded.
You barely miss the ogre.
The ogre is severely wounded.
The ogre hits you with a +0 giant spiked club!!
* * * LOW HITPOINT WARNING * * *
A red film seems to cover your vision as you go berserk!
You feel yourself moving faster!
You feel mighty!
The ogre hits you with a +0 giant spiked club!
You die...

####### .......
.......#########
......lO@......#
.......#######.#
....... #...#.#
.....=. #.#.#.#
....... #.#.#.#
....... #.....#
.....!. ###.###
..>...# ###.#
#...#


You could see an ogre and an iguana.

Vanquished Creatures
  A black bear (D:4)
  An ogre (D:4)
  2 hounds (D:4)
  A jelly (D:5)
  Jessica (D:2)
  Natasha (twice) (D:4)
  4 adders
  3 worms
  3 dart slugs
  2 orcs (D:3)
  7 ball pythons
  11 bats
  7 endoplasms
  2 giant cockroaches
  6 goblins
  9 hobgoblins
  6 jackals
  4 quokkas
  3 frilled lizards
  6 kobolds
  4 rats
85 creatures vanquished.

Notes
Turn   | Place    | Note
-------+----------+-------------------------------------------
     0 | D:1      | venomsnake the Minotaur Berserker began the quest for the
                  | Orb.
     0 | D:1      | Reached XP level 1. HP: 19/19 MP: 0/0
   196 | D:1      | Reached XP level 2. HP: 27/27 MP: 1/1
   719 | D:1      | Reached XP level 3. HP: 26/33 MP: 2/2
  1148 | D:2      | Reached ** piety under Trog
  1347 | D:2      | Reached XP level 4. HP: 40/40 MP: 3/3
  1506 | D:2      | Noticed Jessica
  1511 | D:2      | Killed Jessica
  1591 | D:2      | Found a faded altar of an unknown god.
  1954 | D:3      | Found a stormy altar of Qazlal.
  1959 | D:3      | Found a bloodstained altar of Trog.
  1964 | D:3      | Found a burning altar of Makhleb.
  1968 | D:3      | Found a blossoming altar of Fedhas.
  1977 | D:3      | Found a hide-covered altar of Uskayaw.
  1983 | D:3      | Found a sparkling altar of Nemelex Xobeh.
  2038 | D:3      | Found a snail-covered altar of Cheibriados.
  2306 | D:3      | Found a runed translucent door.
  2307 | D:3      | Noticed Crazy Yiuf
  2639 | D:4      | Reached XP level 5. HP: 46/47 MP: 4/4
  2657 | D:4      | Found the +4 dagger "Morg" {pain, Will+ Int+5}
  2671 | D:4      | Noticed a black bear
  2697 | D:4      | Killed a black bear
  2698 | D:4      | Reached skill level 5 in Fighting
  2698 | D:4      | Reached skill level 5 in Axes
  2745 | D:4      | Noticed an ogre
  2779 | D:4      | Killed an ogre
  2780 | D:4      | Reached XP level 6. HP: 56/56 MP: 5/5
  2881 | D:4      | Reached *** piety under Trog
  2922 | D:4      | Found an iron altar of Okawaru.
  2924 | D:4      | Noticed Natasha
  2930 | D:4      | Killed Natasha
  3135 | D:4      | Noticed Natasha
  3141 | D:4      | Killed Natasha
  3343 | D:5      | Entered Level 5 of the Dungeon
  3557 | D:5      | Mangled by an ogre

Illustrated notes

Levels and vault maps discovered:
D:1:      dpeg_arrival_rhombi, layout_loops_ring, minmay_domino_4
D:2:      layout_rooms, ebering_ecumenical_altar_mist, grunt_ministairs_11,
          uniq_jessica
D:3:      layout_rooms, nicolae_overflow_hallway_of_the_gods,
          nicolae_overflow_hidden_temple, uniq_crazy_yiuf_cottage
D:4:      layout_rooms, okawaru_ov_weapons_minmay,
          chequers_serial_rivers_micro_a, uniq_natasha
D:5:      layout_basic, serial_shops, shop_fountains, sigmund_edmund_badplayer,
          uniq_duvessa

Skill      XL: |  1  2  3  4  5 |
---------------+----------------+-----
Fighting       | 4 5 |  5.6
Axes           | 4 5 |  5.6
Armour         | 3 4 |  4.9
Dodging        | 3 4 |  4.4

Action                   |  1- 3 |  4- 6 || total
-------------------------+-------+-------++-------
Melee: Hand axe          |    75 |       ||    75
       Headbutt          |     5 |    16 ||    21
       Punch             |     1 |     4 ||     5
       War axe           |     4 |   109 ||   113
Invok: Berserk           |       |     1 ||     1
 Stab: Sleeping          |     1 |       ||     1
Armor: Animal skin       |    15 |       ||    15
       Scale mail        |    18 |    42 ||    60
Dodge: Dodged            |    50 |    62 ||   112
